Map: Oxide LE

Players

Clem

  • Race: Terran Terran

Serral - Winner!

  • Race: Zerg Zerg

Event: DreamHack SC2 Masters 2021 Winter

VOD

Have the link to the VOD?

Description

Time

  • Played on: Oct. 15, 2021, 11:24 a.m.
  • Length: 10:15

All games in this series

Show
View Real Time Build Order
Export as new Build Order

Clem Terran 

Build Orders: Reaper Expand 

Get SALT Encoding   

  12  0:00  SCV  
  13  0:12  SCV  
  14  0:16  Supply Depot  
  14  0:24  SCV  
  15  0:38  SCV  
  15  0:39  Barracks  
  16  0:43  Refinery  
  16  0:50  SCV  
  17  1:02  SCV  
  18  1:14  SCV  
  19  1:28  Reaper  
  19  1:29  Orbital Command  
  20  1:39  Command Center  
  20  1:47  Supply Depot  
  20  1:54  SCV  
  20  2:00  Marine  
  22  2:07  SCV  
  23  2:12  Factory  
  23  2:19  SCV  
  23  2:21  Barracks Reactor  
  24  2:31  SCV  
  25  2:38  Command Center  
  25  2:43  SCV  
  26  2:50  Orbital Command  
  26  2:55  SCV  
  27  3:00  Barracks  
  27  3:04  Hellion  
  29  3:08  SCV  
  29  3:12  Hellion  
  32  3:13  Barracks Tech Lab  
  32  3:16  SCV  
  33  3:21  SCV, Refinery  
  34  3:28  SCV  
  34  3:34  Hellion x2, SCV, Marine  
  40  3:38  Stimpack  
  41  3:43  SCV  
  41  3:46  SCV  
  43  3:49  Starport  
  43  3:53  Orbital Command  
  43  3:54  Marine  
  44  3:57  SCV  
  44  3:59  SCV  
  44  4:00  Marine  
  44  4:01  Marine  
  48  4:06  Factory Reactor  
  48  4:09  SCV  
  49  4:11  SCV  
  49  4:13  Supply Depot  
  49  4:14  Marine  
  51  4:18  Marine x2  
  51  4:19  SCV  
  51  4:22  SCV  
  55  4:28  Orbital Command  
  55  4:29  SCV  
  56  4:33  Marine  
  56  4:34  SCV  
  56  4:36  Marine x2  
  60  4:38  Supply Depot  
  60  4:40  Barracks  
  60  4:42  Refinery  
  60  4:45  Armory  
  60  4:49  Hellion, Medivac x2  
  60  4:50  SCV  
  60  4:51  Marine  
  68  4:54  Marine  
  69  5:00  Supply Depot, SCV, Refinery, Marine  
  69  5:01  SCV  
  69  5:04  SCV  
  73  5:09  Marine  
  73  5:10  Engineering Bay  
  73  5:11  Marine  
  73  5:12  SCV  
  73  5:13  Engineering Bay, Factory Tech Lab  
  76  5:15  Factory Reactor  
  76  5:16  Factory Tech Lab  
  76  5:18  SCV  
  76  5:20  Combat Shield  
  77  5:22  Marine  
  77  5:24  Supply Depot  
  77  5:25  SCV x2  
  77  5:26  Marine  
  81  5:31  Hellion x5  
  81  5:32  Supply Depot, Barracks Reactor  
  81  5:34  Marine  
  82  5:36  SCV  
  82  5:37  SCV, Terran Infantry Weapons Level 1  
  84  5:43  Marine  
  84  5:45  Siege Tank  
  84  5:46  SCV  
  84  5:47  Supply Depot  
  84  5:48  Marine  
  90  5:50  SCV x2  
  92  5:58  SCV  
  92  5:59  Medivac  
  92  6:02  Marine  
  92  6:03  Barracks  
  92  6:04  Barracks  
  96  6:07  Marine x2  
  96  6:09  SCV x2  
  96  6:10  Supply Depot  
  101  6:16  Medivac  
  101  6:17  Marine  
  102  6:20  Supply Depot, Siege Tank  
  102  6:23  Marine x2  
  102  6:25  Marine  
  106  6:27  Marine  
  106  6:32  SCV x2  
  110  6:33  Factory  
  110  6:34  SCV  
  110  6:35  Marine  
  110  6:37  Medivac  
  114  6:42  Marine  
  114  6:44  Marine x2  
  114  6:46  Supply Depot  
  111  6:47  Medivac  
  111  6:49  SCV x2  
  111  6:50  SCV  
  111  6:53  Marine  
  115  6:59  Barracks Tech Lab  
  115  7:00  Marauder, Marine  
  115  7:01  Siege Tank  
  121  7:02  Marine  
  121  7:03  SCV x2  
  121  7:04  Barracks Reactor  
  121  7:07  Supply Depot  
  124  7:09  Marine  
  124  7:10  Supply Depot, SCV  
  124  7:12  Medivac, Marine  
  124  7:15  SCV x2  
  128  7:17  Refinery  
  128  7:18  Marine  
  128  7:20  Refinery, Marine  
  130  7:24  Bunker  
  130  7:26  Factory Tech Lab  
  130  7:28  Supply Depot, Terran Infantry Armor Level 1  
  130  7:29  SCV x3  
  133  7:30  Marine x3  
  133  7:34  Barracks Tech Lab  
  136  7:37  Marine  
  136  7:38  Marauder  
  139  7:44  Siege Tank  
  139  7:46  Supply Depot  
  139  7:47  Marine x2  
  139  7:48  Siege Tank  
  139  7:49  Supply Depot  
  147  7:55  Marauder  
  149  7:58  SCV  
  149  7:59  Marauder, SCV  
  149  8:01  Command Center  
  151  8:08  Marine x3  
  151  8:09  Marine  
  155  8:13  Supply Depot, Marine x2  
  155  8:16  Marauder  
  159  8:21  Marauder, Supply Depot, Siege Tank  
  159  8:23  Siege Tank  
  167  8:31  Supply Depot  
  165  8:37  Marauder  
  165  8:40  Supply Depot, Marine  
  159  8:42  Marauder, Concussive Shells  
  159  8:45  Marine  
  159  8:48  Marine x3  
  148  8:50  Marine  
  148  8:58  Marine  
  148  8:59  Marauder  
  142  9:03  Marauder, Marine  
  142  9:05  SCV x3  
  144  9:12  Marine x2  
  144  9:13  Siege Tank  
  144  9:14  Siege Tank  
  139  9:17  SCV x2  
  139  9:20  Marauder, Marine  
  139  9:21  Marine  
  139  9:22  Ghost Academy  
  145  9:24  Marine x2  
  145  9:25  Marauder  
  145  9:29  Marine  
  145  9:30  Marine  
  130  9:38  Marine x2  
  130  9:42  Marauder, Marine  
  130  9:45  SCV x3  
  128  9:48  Marine  
  128  9:51  Marauder  
  134  9:57  SCV  
  134  9:59  SCV  
  133  10:00  SCV  
Show
View Real Time Build Order
Export as new Build Order

Serral Zerg - Winner!

Build Orders: Hatch First, Lurkers 

Get SALT Encoding   

  12  0:00  Drone  
  13  0:12  Overlord  
  13  0:17  Drone  
  14  0:30  Drone x2  
  16  0:47  Hatchery  
  15  0:51  Drone  
  15  0:54  Drone  
  17  0:57  Drone  
  18  1:08  Extractor  
  17  1:12  Spawning Pool  
  17  1:15  Drone  
  17  1:18  Drone  
  18  1:27  Drone  
  19  1:38  Drone  
  20  1:49  Drone  
  21  1:59  Queen x2  
  21  2:00  Zergling x2  
  21  2:01  Zergling x2  
  27  2:10  Overlord  
  27  2:13  Drone  
  28  2:21  Hatchery  
  27  2:23  Drone  
  28  2:32  Drone x3  
  31  2:38  Metabolic Boost  
  30  2:45  Queen  
  30  2:51  Overlord  
  32  2:53  Drone  
  32  2:55  Drone  
  32  2:58  Drone  
  35  3:03  Overlord  
  35  3:10  Drone x3  
  38  3:13  Drone  
  38  3:15  Drone  
  38  3:19  Queen  
  42  3:21  Drone  
  42  3:27  Queen  
  43  3:33  Drone x3  
  48  3:38  Queen  
  48  3:40  Zergling x2  
  51  3:44  Overlord  
  51  3:47  Drone  
  52  3:48  Zergling x2  
  52  3:50  Drone x2  
  52  3:54  Zergling x2  
  56  3:57  Drone, Overlord  
  56  4:02  Overlord  
  57  4:08  Drone, Zergling x2  
  57  4:09  Drone x3  
  62  4:13  Overlord  
  62  4:17  Zergling x4  
  62  4:22  Drone x2  
  62  4:23  Drone  
  62  4:24  Drone  
  68  4:26  Lair  
  68  4:28  Drone x2  
  68  4:29  Evolution Chamber, Extractor  
  68  4:34  Roach Warren  
  68  4:36  Zergling x2  
  68  4:42  Drone x4, Extractor  
  68  4:43  Drone  
  72  4:48  Overlord  
  72  4:49  Zergling x2  
  72  4:50  Drone  
  72  4:51  Drone x2  
  72  4:52  Drone  
  77  4:57  Zerg Ground Armor Level 1  
  77  4:59  Drone  
  78  5:01  Drone  
  78  5:03  Drone  
  78  5:06  Extractor  
  79  5:09  Drone  
  79  5:12  Hatchery  
  79  5:14  Roach x5  
  79  5:19  Drone  
  79  5:20  Drone  
  91  5:24  Roach x3  
  91  5:26  Glial Reconstitution  
  97  5:29  Overseer  
  97  5:30  Overlord  
  97  5:34  Extractor  
  96  5:36  Roach, Extractor  
  96  5:38  Overlord x2  
  96  5:41  Overlord  
  97  5:49  Roach  
  103  5:50  Roach x3  
  103  5:55  Overlord  
  105  5:57  Drone x4  
  105  6:01  Drone  
  105  6:02  Drone  
  105  6:04  Drone x3  
  114  6:06  Drone x3  
  117  6:12  Evolution Chamber  
  117  6:13  Infestation Pit  
  117  6:15  Overlord  
  117  6:16  Queen  
  113  6:19  Drone x3  
  113  6:24  Drone  
  113  6:25  Drone x2  
  119  6:28  Overseer, Queen  
  119  6:30  Overlord  
  119  6:31  Drone x2  
  123  6:35  Roach x2  
  127  6:42  Roach x4  
  127  6:45  Roach x2  
  127  6:46  Roach  
  136  6:48  Drone  
  136  6:52  Zerg Missile Weapons Level 1, Zerg Ground Armor Level 2  
  137  6:54  Extractor  
  137  6:55  Extractor  
  137  6:59  Hive  
  137  7:01  Drone x2  
  137  7:03  Hydralisk Den, Overlord  
  137  7:06  Zergling x10  
  141  7:11  Zergling x2, Roach x2  
  146  7:16  Drone x3  
  146  7:22  Overlord  
  149  7:23  Zergling x4  
  149  7:25  Infestor x2  
  149  7:28  Zergling x14  
  162  7:33  Ravager x2  
  164  7:38  Drone x4  
  164  7:39  Spore Crawler  
  164  7:40  Lurker Den  
  164  7:41  Overlord x2  
  164  7:43  Ravager  
  167  7:47  Drone  
  167  7:48  Overlord  
  167  7:50  Roach  
  174  7:51  Roach x2  
  174  7:52  Roach  
  174  7:58  Overlord x2  
  176  8:08  Hydralisk x6  
  188  8:20  Hatchery  
  188  8:21  Roach x3  
  188  8:23  Ravager  
  191  8:40  Lurker x4  
  191  8:41  Seismic Spines  
  190  8:46  Zergling x10, Roach x6  
  198  8:49  Lurker x2  
  186  9:01  Ravager x2  
  186  9:02  Ravager x2  
  177  9:03  Roach x8  
  189  9:13  Roach x8  
  187  9:18  Roach x5  
  197  9:27  Zergling x2  
  197  9:28  Zergling x4  
  200  9:35  Roach x2  
  200  9:36  Zergling x2, Roach  
  196  9:43  Drone, Zergling x14  
  196  10:06  Extractor  
  197  10:07  Extractor  

Tags
 
Add a new tag
Caveats
  • Supply blocks, unpowered buildings, or Contaminate may cause inaccurate times.
  • Supply counts are checked every 10 seconds.